[Event "ICCopen2016"]
[Site "Internet Chess Club"]
[Date "2016.06.04"]
[Round "2"]
[White "Jemm"]
[Black "PolishRyszard"]
[Result "0-1"]
[ICCResult "White resigns"]
[WhiteElo "1205"]
[BlackElo "1701"]
[Opening "Robatsch (modern) defense"]
[ECO "B06"]
[NIC "KF.05"]
[Time "14:12:45"]
[TimeControl "180+0"]

1. e4 g6 2. d4 Bg7 3. c3 d5 4. e5 c5 5. Nf3 Nc6 6. Bb5 Bg4 7. Bxc6+ bxc6 8.
O-O e6 9. Nbd2 Ne7 10. Qa4 c4 11. Qc2 Bf5 12. Qd1 O-O 13. Nh4 Bd3 14. Re1
Qb6 15. Ndf3 c5 16. Re3 Nc6 17. Ne1 cxd4 18. Rxd3 cxd3 19. cxd4 Qxd4 20.
Nhf3 Qe4 21. Nxd3 Nxe5 22. Nfxe5 Bxe5 23. Nxe5 Qxe5 24. g3 Rac8 25. Bf4 Qxb2
26. Qa4 Qxa1+ 27. Kg2 Qc3 28. Qxa7 e5 29. Bh6 Rfe8 30. Qb6 Qc6 31. Qe3 d4+
{White resigns}
0-1

[Event "ICCopen2016"]
[Site "Internet Chess Club"]
[Date "2016.06.04"]
[Round "2"]
[White "eltigrecu"]
[Black "ChampSeraph"]
[Result "1-0"]
[ICCResult "Black resigns"]
[WhiteElo "2098"]
[BlackElo "2679"]
[Opening "Queen's pawn"]
[ECO "A40"]
[NIC "QO.17"]
[Time "14:13:12"]
[TimeControl "180+0"]

1. d4 e6 2. Nf3 c5 3. Bg5 Nf6 4. Bxf6 Qxf6 5. c3 b6 6. e3 Bb7 7. Nbd2 Be7 8.
Bd3 O-O 9. Qc2 d5 10. Bxh7+ Kh8 11. Bd3 Nc6 12. O-O Rac8 13. Qd1 e5 14. Nxe5
Nxe5 15. Qh5+ Qh6 16. Qxh6+ gxh6 17. dxe5 Rg8 18. f4 d4 19. Be4 Bxe4 20.
Nxe4 dxe3 21. Rae1 b5 22. Rxe3 Rcd8 23. Rh3 Kh7 24. f5 Rd5 25. f6 Rxe5 26.
fxe7 Rxe4 27. Rxf7+ Rg7 28. Rxg7+ Kxg7 29. Rh5 Rxe7 30. Rxc5 a6 31. Kf2 Rd7
32. Ke2 Re7+ 33. Kd2 Rf7 34. Re5 Rf1 35. Re2 Kf6 36. Kc2 h5 37. Kb3 a5 38.
a4 bxa4+ 39. Kxa4 Ra1+ 40. Kb5 h4 41. h3 Kf5 42. Rd2 Kf4 43. Rd4+ Kg3 44.
Rg4+ Kf2 45. Rxh4 Kxg2 46. c4 Ra2 47. b3 Kg3 48. Rh8 Ra3 49. c5 Rxb3+ 50.
Kxa5 Rc3 51. Kb4 Rc1 52. Kb5 Rb1+ 53. Kc6 Rc1 54. Kd6 Rd1+ 55. Kc7 Rc1 56.
c6 Rd1 57. Kc8 Rc1 58. c7 Rd1 59. Rh7 Rd2 60. h4 Kg4 61. h5 Kg5 62. Rd7 Rb2
63. Kd8 {Black resigns} 1-0

[Event "ICCopen2016"]
[Site "Internet Chess Club"]
[Date "2016.06.04"]
[Round "2"]
[White "Valai"]
[Black "marianzaim"]
[Result "1-0"]
[ICCResult "Black checkmated"]
[WhiteElo "2544"]
[BlackElo "1975"]
[Opening "King's Indian: 6.Be2"]
[ECO "E91"]
[NIC "KI.19"]
[Time "14:13:08"]
[TimeControl "180+0"]

1. d4 Nf6 2. c4 g6 3. Nc3 Bg7 4. e4 d6 5. Nf3 O-O 6. Be2 Nbd7 7. Be3 e5 8.
d5 a5 9. Nd2 Nc5 10. O-O b6 11. a3 Na6 12. b4 axb4 13. axb4 Rb8 14. Qb3 Nd7
15. c5 bxc5 16. Bxa6 cxb4 17. Ne2 Nc5 18. Bxc5 dxc5 19. Bxc8 Qxc8 20. Nc4 f5
21. d6 Kh8 22. Ra7 Rb7 23. d7 Qb8 24. Rxb7 Qxb7 25. Rd1 Rd8 26. Ng3 f4 27.
Na5 Qb5 28. Qe6 fxg3 29. hxg3 c4 30. Nc6 c3 31. Qe8+ Bf8 32. Qxd8 c2 33.
Qxf8# {Black checkmated} 1-0

[Event "ICCopen2016"]
[Site "Internet Chess Club"]
[Date "2016.06.04"]
[Round "2"]
[White "supermouse"]
[Black "Ancient"]
[Result "1-0"]
[ICCResult "Black resigns"]
[WhiteElo "2680"]
[BlackElo "2059"]
[Opening "Queen's pawn"]
[ECO "A40"]
[NIC "QO.17"]
[Time "14:12:16"]
[TimeControl "180+0"]

1. d4 e6 2. f3 d5 3. e3 Nf6 4. Bd3 c5 5. c3 Nc6 6. Ne2 cxd4 7. exd4 Bd6 8.
O-O O-O 9. Bf4 Qc7 10. Bxd6 Qxd6 11. Nd2 a6 12. f4 b5 13. a3 Rb8 14. Nf3 Ne4
15. Qc2 f5 16. Ne5 Nxe5 17. fxe5 Qe7 18. a4 Bd7 19. axb5 Bxb5 20. Nf4 Bxd3
21. Nxd3 Rb6 22. Ra4 Qg5 23. Qc1 Qe7 24. Qe3 Qb7 25. Rfa1 Ra8 26. Qe1 Qc6
27. Nb4 Qb5 28. Qf1 Qxf1+ 29. Kxf1 Nd2+ 30. Ke2 Nc4 31. b3 Nb2 32. R4a2 Rc8
33. Kd2 a5 34. Rxa5 {Black resigns} 1-0

[Event "ICCopen2016"]
[Site "Internet Chess Club"]
[Date "2016.06.04"]
[Round "2"]
[White "Govindan"]
[Black "minke"]
[Result "1-0"]
[ICCResult "Black checkmated"]
[WhiteElo "1479"]
[BlackElo "1787"]
[Opening "King's pawn opening"]
[ECO "B07"]
[NIC "VO.17"]
[Time "14:12:04"]
[TimeControl "180+0"]

1. e4 d6 2. Nf3 g6 3. g3 Nf6 4. d3 Bg7 5. Bg2 O-O 6. O-O c5 7. Nc3 Nc6 8.
Be3 Bg4 9. Qd2 h5 10. Bh6 Bxf3 11. Bxf3 Nd4 12. Bg2 Kh7 13. Bxg7 Kxg7 14.
Ne2 Rc8 15. c3 Nxe2+ 16. Qxe2 e5 17. f4 exf4 18. Rxf4 Qb6 19. Kh1 Ng4 20.
Bh3 f5 21. exf5 gxf5 22. Raf1 Rce8 23. Qd2 Ne3 24. R1f2 Qc6+ 25. Kg1 Re5 26.
R4f3 Ng4 27. Qg5+ Kh7 28. Qxh5+ Nh6 29. Bxf5+ Rfxf5 30. Rxf5 Re1+ 31. Rf1
Re7 32. Rf7+ Rxf7 33. Rxf7+ Kg8 34. Qg6+ Kh8 35. Qh7# {Black checkmated} 1-0

[Event "ICCopen2016"]
[Site "Internet Chess Club"]
[Date "2016.06.04"]
[Round "2"]
[White "plotkin"]
[Black "Sebs"]
[Result "1/2-1/2"]
[ICCResult "Game drawn by repetition"]
[WhiteElo "2329"]
[BlackElo "3017"]
[Opening "Giuoco Pianissimo"]
[ECO "C55"]
[NIC "IG.01"]
[Time "14:13:27"]
[TimeControl "180+0"]

1. e4 e5 2. Nf3 Nc6 3. Bc4 Nf6 4. d3 Bc5 5. O-O O-O 6. Nc3 d6 7. Bg5 h6 8.
Bh4 Kh8 9. Nd5 Bg4 10. h3 Bh5 11. Bxf6 gxf6 12. g4 Bg6 13. Nh4 Kg7 14. Kh2
Na5 15. Ne3 Bxe3 16. fxe3 Nxc4 17. dxc4 Bxe4 18. Nf5+ Kh7 19. Qe1 Rg8 20.
Qh4 Rg6 21. Rf2 Bxf5 22. Rxf5 d5 23. Raf1 dxc4 24. Rxf6 Rxf6 25. Rxf6 Qd2+
26. Rf2 Qxe3 27. Rxf7+ Kg8 28. Qe7 Qe2+ 29. Kg3 Qe3+ 30. Kg2 Qe4+ 31. Kg3
Qe3+ 32. Kg2 Qe4+ 33. Kg3 Qe3+ 34. Kg2 {Game drawn by repetition} 1/2-1/2

[Event "ICCopen2016"]
[Site "Internet Chess Club"]
[Date "2016.06.04"]
[Round "2"]
[White "Last7Samurai"]
[Black "flinkfinger"]
[Result "1-0"]
[ICCResult "Black forfeits on time"]
[WhiteElo "2839"]
[BlackElo "2166"]
[Opening "Sicilian: Alapin's variation (2.c3)"]
[ECO "B22"]
[NIC "SI.47"]
[Time "14:11:55"]
[TimeControl "180+0"]

1. e4 c5 2. c3 Nf6 3. e5 Nd5 4. d4 cxd4 5. cxd4 e6 6. Nf3 d6 7. Bc4 b6 8.
O-O Bb7 9. Re1 Nd7 10. Nc3 Nxc3 11. bxc3 Qc7 12. Bd3 dxe5 13. Nxe5 Nxe5 14.
Rxe5 Bd6 15. Rh5 g6 16. Rh3 Bf4 17. Bb5+ Kf8 18. Qg4 Bxc1 19. Rxc1 Kg7 20.
Bf1 h5 21. Qg5 Qd8 22. Qe5+ Qf6 23. Qc7 Be4 24. Re3 Rhc8 25. Qd6 Bb7 26. h3
Qd8 27. Qe5+ Kg8 28. a4 Qd5 29. Qf6 Rc7 30. c4 Qd8 31. Qe5 Rac8 32. Rec3 Rd7
33. Rd1 Qc7 34. Qe3 Rcd8 35. c5 bxc5 36. Bb5 Rd5 37. Rdc1 Rxd4 38. Rxc5 Qb6
39. Rc7 Rd1+ 40. Bf1 Rxc1 41. Rxc1 Qxe3 42. fxe3 Rd2 43. Rc7 Be4 44. Rxa7
Rd1 45. Kf2 Ra1 46. a5 h4 47. a6 Ra2+ 48. Be2 Bd3 49. Ra8+ Kg7 50. a7 Rxe2+
51. Kf3 Ra2 52. e4 Bb5 53. Ke3 Bc6 54. Rc8 Bb7 55. Rc7 Rxa7 56. Kf4 Ra4 57.
Rxb7 Kf6 58. Kf3 g5 59. e5+ Kxe5 60. Rxf7 Ra3+ 61. Kf2 Ra2+ 62. Kg1 Ke4 63.
Rf6 {Black forfeits on time} 1-0

[Event "ICCopen2016"]
[Site "Internet Chess Club"]
[Date "2016.06.04"]
[Round "2"]
[White "Sam08"]
[Black "Eccebombo"]
[Result "1-0"]
[ICCResult "Black resigns"]
[WhiteElo "2400"]
[BlackElo "1510"]
[Opening "Benkö gambit: main line"]
[ECO "A58"]
[NIC "BI.45"]
[Time "14:12:36"]
[TimeControl "180+0"]

1. d4 Nf6 2. c4 c5 3. d5 b5 4. cxb5 a6 5. bxa6 d6 6. Nc3 Bxa6 7. Nf3 g6 8.
e4 Bxf1 9. Kxf1 Bg7 10. g3 O-O 11. Kg2 Nfd7 12. h4 f5 13. Ng5 fxe4 14. Ne6
Qb6 15. Nxf8 Nxf8 16. Nxe4 Nbd7 17. h5 Qb4 18. Rh4 Qb7 19. hxg6 Nxg6 20. Rh5
Rf8 21. Qg4 Nde5 22. Qe6+ Kh8 23. Ng5 h6 24. Ne4 Rf6 25. Nxf6 exf6 26. Bxh6
{Black resigns}
1-0

[Event "ICCopen2016"]
[Site "Internet Chess Club"]
[Date "2016.06.04"]
[Round "2"]
[White "chadvalley"]
[Black "rovov"]
[Result "0-1"]
[ICCResult "White resigns"]
[WhiteElo "1237"]
[BlackElo "1739"]
[Opening "French: King's Indian attack"]
[ECO "C00"]
[NIC "FR.02"]
[Time "14:12:31"]
[TimeControl "180+0"]

1. e4 e6 2. d3 d5 3. exd5 exd5 4. Nf3 Bd6 5. g3 Nf6 6. Nc3 O-O 7. Bg5 Re8+
8. Be2 c6 9. O-O Bg4 10. Re1 Nbd7 11. Nd4 Bxe2 12. Rxe2 Rxe2 13. Qxe2 Qe8
14. Re1 Kf8 15. Qxe8+ Rxe8 16. Rxe8+ Kxe8 17. Bxf6 Nxf6 18. f3 Bc5 19. Ne2
Nd7 20. Kg2 Ne5 21. Nb3 Bb6 22. Nd2 Ke7 23. b3 c5 24. Nf1 Kd6 25. Ne3 g6 26.
Kh3 c4 27. d4 Nxf3 28. c3 cxb3 29. axb3 Nd2 30. b4 a5 31. bxa5 Bxa5 32. Ng4
Ne4 33. Kg2 Nxc3 34. Nxc3 Bxc3 35. Nf6 Bxd4 36. Nxh7 b5 37. Ng5 b4 38. Nf3
Bc3 39. Kf2 b3 {White resigns} 0-1

[Event "ICCopen2016"]
[Site "Internet Chess Club"]
[Date "2016.06.04"]
[Round "2"]
[White "ramezsamir"]
[Black "Indiana-Jones"]
[Result "0-1"]
[ICCResult "White forfeits on time"]
[WhiteElo "2148"]
[BlackElo "2825"]
[Opening "Scandinavian (center counter) defense"]
[ECO "B01"]
[NIC "SD.02"]
[Time "14:12:00"]
[TimeControl "180+0"]

1. e4 d5 2. exd5 Qxd5 3. Nc3 Qd8 4. d4 Nf6 5. Bc4 Bg4 6. f3 Bh5 7. Nge2 e6
8. Nf4 Bg6 9. Nxg6 hxg6 10. O-O c6 11. Bf4 Bd6 12. Qd2 Qc7 13. Bxd6 Qxd6 14.
g3 Nbd7 15. Ne4 Qe7 16. c3 O-O 17. Qg5 Rfe8 18. Rae1 Rad8 19. Bb3 Nf8 20.
Kg2 a6 21. a4 Nd5 22. Qxe7 Rxe7 23. Nc5 Rb8 24. a5 Nd7 25. Nxd7 Rxd7 26. Re5
b6 27. axb6 Rxb6 28. Bxd5 Rxb2+ 29. Rf2 Rxf2+ 30. Kxf2 cxd5 31. Re2 Rc7 32.
Ra2 Rxc3 33. Rxa6 Rd3 34. Ra8+ Kh7 35. Rf8 Rxd4 36. Rxf7 Rb4 37. Re7 Rb6 38.
h4 Kg8 39. Ke3 Kf8 40. Ra7 e5 41. Rd7 Rb5 42. g4 Rb3+ 43. Ke2 Rb5 44. Ke3
Rc5 45. Rd6 Kf7 46. Rd7+ Kf6 47. Rd6+ Kf7 48. Rd7+ Ke6 49. Rxg7 Rc3+ 50. Ke2
Kf6 51. Rd7 d4 52. Rd6+ Kf7 53. g5 Re3+ 54. Kf2 Rb3 55. Rf6+ Kg7 56. Re6 Rb5
57. Kg3 Rd5 58. Kf2 Kf7 59. Rf6+ Kg7 60. Re6 Rb5 61. Ke2 Rb2+ 62. Ke1 Rb5
63. Ke2 Kf7 64. Rf6+ Kg7 65. Re6 Rb2+ 66. Ke1 d3 67. Rxe5 Kf7 68. Rd5 Re2+
69. Kf1 Re3 70. Kf2 Re2+ 71. Kf1 Rh2 72. Rxd3 Rh1+ 73. Kf2 Rxh4 74. Kg3 Rc4
75. Re3 Rc5 {White forfeits on time} 0-1

[Event "ICCopen2016"]
[Site "Internet Chess Club"]
[Date "2016.06.04"]
[Round "2"]
[White "HPG1947"]
[Black "vanboy"]
[Result "0-1"]
[ICCResult "White forfeits on time"]
[WhiteElo "1701"]
[BlackElo "2425"]
[Opening "Inverted Hanham"]
[ECO "A00"]
[NIC "KP.07"]
[Time "14:12:00"]
[TimeControl "180+0"]

1. d3 e5 2. Nf3 Nc6 3. e4 Nf6 4. Be2 d5 5. Nbd2 Bc5 6. O-O O-O 7. c3 dxe4 8.
dxe4 a5 9. Qc2 h6 10. Bb5 Qe7 11. Bxc6 bxc6 12. Nc4 Nd7 13. Be3 Ba6 14. Nfd2
Bxe3 15. fxe3 Qc5 16. b3 Nb6 17. Nxb6 Qxe3+ 18. Rf2 cxb6 19. c4 Rad8 20. Nf3
f6 21. Re1 Qc5 22. Kh1 Bc8 23. h3 Rd6 24. Rd2 Rfd8 25. Red1 Be6 26. Kh2 Bf7
27. Qc3 Bg6 28. Qe3 Qxe3 29. Rxd6 Rxd6 30. Rxd6 Bxe4 {White forfeits on
time} 0-1

[Event "ICCopen2016"]
[Site "Internet Chess Club"]
[Date "2016.06.04"]
[Round "2"]
[White "Igrok"]
[Black "mathman"]
[Result "1-0"]
[ICCResult "Black resigns"]
[WhiteElo "3062"]
[BlackElo "2341"]
[Opening "King's Indian: Sämisch, 5...O-O"]
[ECO "E81"]
[NIC "KI.50"]
[Time "14:12:49"]
[TimeControl "180+0"]

1. d4 Nf6 2. c4 g6 3. Nc3 Bg7 4. e4 d6 5. f3 O-O 6. Bg5 c5 7. d5 h6 8. Be3
e6 9. Qd2 exd5 10. cxd5 a6 11. Bxh6 Nxe4 12. Nxe4 Qh4+ 13. g3 Qxh6 14. Qxh6
Bxh6 15. Nxd6 b5 16. f4 Bg7 17. O-O-O c4 18. Nxc8 Rxc8 19. Nf3 c3 20. Ne5
cxb2+ 21. Kb1 Bxe5 22. fxe5 Nd7 23. Bh3 Rc1+ 24. Rxc1 bxc1=Q+ 25. Rxc1 Nxe5
26. d6 Rd8 27. Rc8 Rxc8 28. Bxc8 a5 29. d7 Nc6 30. Ba6 b4 31. Kb2 Kf8 32.
Bb5 Nd8 33. Kb3 Ke7 34. Ka4 Nb7 35. Bc4 f6 36. Bd5 Nc5+ 37. Kxa5 Nd3 38. Bc4
Ne5 39. Kxb4 Kxd7 40. Be2 {Black resigns} 1-0

[Event "ICCopen2016"]
[Site "Internet Chess Club"]
[Date "2016.06.04"]
[Round "2"]
[White "Kjaan1974"]
[Black "catman"]
[Result "0-1"]
[ICCResult "White resigns"]
[WhiteElo "1394"]
[BlackElo "1797"]
[Opening "French: advance, Euwe variation"]
[ECO "C00"]
[NIC "FR.01"]
[Time "14:12:37"]
[TimeControl "180+0"]

1. e4 e6 2. Nf3 d5 3. e5 c5 4. c3 Nc6 5. d4 Bd7 6. Be2 Nge7 7. Be3 Nf5 8.
O-O Qb6 9. b3 Be7 10. g4 Nxe3 11. fxe3 f6 12. a4 cxd4 13. cxd4 fxe5 14. Nc3
e4 15. Nd2 Nxd4 16. Bb5 Bxb5 17. axb5 Nxb5 18. Nxb5 Qxb5 19. Ra4 Rf8 20.
Rxf8+ Kxf8 21. Qe1 Kg8 22. Qg3 Qc6 23. Nc4 dxc4 24. Rxc4 Qd5 25. Qc7 Qd1+
26. Kg2 Qd2+ 27. Kf1 Rf8+ 28. Qf4 Rxf4+ 29. exf4 Qxf4+ 30. Ke1 Qe3+ 31. Kf1
Qd3+ 32. Kg1 Bc5+ 33. Rxc5 Qd4+ 34. Kg2 Qxc5 35. Kg3 e3 36. Kf3 Qe5 37. Ke2
Qc3 38. b4 Qd2+ 39. Kf3 e2 {White resigns} 0-1

[Event "ICCopen2016"]
[Site "Internet Chess Club"]
[Date "2016.06.04"]
[Round "2"]
[White "HungryFarseer"]
[Black "fisek2007"]
[Result "0-1"]
[ICCResult "White resigns"]
[WhiteElo "1621"]
[BlackElo "2466"]
[Opening "Bogo-Indian defense, Grünfeld variation"]
[ECO "E11"]
[NIC "QI.01"]
[Time "14:12:54"]
[TimeControl "180+0"]

1. d4 Nf6 2. c4 e6 3. Nf3 Bb4+ 4. Nbd2 O-O 5. Qc2 Re8 6. g3 Bf8 7. Bg2 d6 8.
O-O e5 9. e4 Bg4 10. d5 Bxf3 11. Nxf3 a5 12. Ne1 Na6 13. Nd3 b6 14. b3 Nc5
15. Nxc5 bxc5 16. h3 g6 17. Bd2 Qd7 18. Bc3 Bg7 19. Qd2 a4 20. b4 cxb4 21.
Bxb4 Nh5 22. c5 f5 23. cxd6 cxd6 24. Rac1 f4 25. g4 f3 26. Bxf3 Nf4 27. Bg2
Bh6 28. Qd1 Nxg2 29. Kxg2 Bxc1 30. Qxc1 Rac8 31. Qd1 Rc4 32. Qe1 Rec8 33. a3
Rc2 34. Qe3 Qe7 35. Re1 Qf6 36. Re2 h5 37. g5 Rxe2 38. gxf6 Rxe3 39. fxe3
Rd8 40. Be1 Kf7 41. Bh4 Rb8 42. Be1 Rb3 43. Bb4 Rxb4 44. axb4 a3 45. b5 a2
46. b6 a1=Q 47. b7 Qb2+ {White resigns} 0-1

[Event "ICCopen2016"]
[Site "Internet Chess Club"]
[Date "2016.06.04"]
[Round "2"]
[White "kingmate"]
[Black "Saniser"]
[Result "1-0"]
[ICCResult "Black checkmated"]
[WhiteElo "2428"]
[BlackElo "1621"]
[Opening "French: Tarrasch, open variation"]
[ECO "C07"]
[NIC "FR.19"]
[Time "14:12:00"]
[TimeControl "180+0"]

1. e4 e6 2. d4 d5 3. Nd2 c5 4. exd5 Qxd5 5. dxc5 Bxc5 6. Ngf3 Nf6 7. Bc4 Qd6
8. Qe2 O-O 9. O-O a6 10. a3 b5 11. Bd3 Bb7 12. b4 Ba7 13. Bb2 Nbd7 14. c4
Rad8 15. Rfd1 Bb8 16. c5 Nxc5 17. Bc2 Nd3 18. Bxf6 Nf4 19. Qe3 gxf6 20. Ne4
Qe7 21. Nc5 Bd5 22. h4 Kh8 23. g3 Rg8 24. Kh2 Nh5 25. Rg1 Ba8 26. Rae1 Rg4
27. Be4 Bxe4 28. Nxe4 f5 29. Qh6 fxe4 30. Qxh5 Rdg8 31. Ne5 Bxe5 32. Qxe5+
f6 33. Qd4 e5 34. Qd5 Qg7 35. Rxe4 Rxe4 36. Qxe4 Qg6 37. Qe3 Rd8 38. Rc1 Qd3
39. Qh6 Qd6 40. Re1 Qb6 41. Re3 Qd6 42. Rf3 Rf8 43. h5 e4 44. Rf4 e3 45.
fxe3 Qd2+ 46. Kh3 Rf7 47. Re4 Qd7+ 48. g4 f5 49. Rf4 fxg4+ 50. Kg3 Rxf4 51.
Qxf4 Qd1 52. Qf8# {Black checkmated} 1-0

[Event "ICCopen2016"]
[Site "Internet Chess Club"]
[Date "2016.06.04"]
[Round "2"]
[White "B-Alqudaimi"]
[Black "paulohaddad"]
[Result "1-0"]
[ICCResult "Black forfeits on time"]
[WhiteElo "2439"]
[BlackElo "1655"]
[Opening "Two knights defense"]
[ECO "C55"]
[NIC "IG.01"]
[Time "14:12:07"]
[TimeControl "180+0"]

1. e4 e5 2. Nf3 Nc6 3. Bc4 Nf6 4. Qe2 Bc5 5. O-O d6 6. c3 Bg4 7. h3 Bh5 8.
d3 O-O 9. Be3 Bb6 10. Bb3 Re8 11. Nbd2 d5 12. Bg5 dxe4 13. Nxe4 Bg6 14. Rad1
Qe7 15. Nh4 Bxe4 16. dxe4 Qf8 17. Bxf6 gxf6 18. Qh5 Ne7 19. Rd3 Ng6 20. Nxg6
hxg6 21. Qxg6+ Qg7 22. Bxf7+ Kf8 23. Bxe8 Rxe8 24. Qxg7+ Kxg7 25. Rd7+ Kg6
26. Rfd1 Re6 27. R1d3 f5 28. exf5+ Kxf5 29. g4+ Kg5 30. Kg2 e4 31. R3d5+ Kg6
32. h4 e3 33. Rg5+ Kh6 34. Rh5+ Kg6 35. fxe3 Bxe3 36. Rf5 Bb6 37. h5+ Kh6
38. Kf3 Re3+ 39. Kf4 {Black forfeits on time} 1-0

[Event "ICCopen2016"]
[Site "Internet Chess Club"]
[Date "2016.06.04"]
[Round "2"]
[White "cyborg86"]
[Black "NAS"]
[Result "1-0"]
[ICCResult "Black forfeits on time"]
[WhiteElo "1996"]
[BlackElo "1626"]
[Opening "Sicilian: Canal-Sokolsky (Nimzovich-Rossolimo, Moscow) attack"]
[ECO "B51"]
[NIC "SI.01"]
[Time "14:12:37"]
[TimeControl "180+0"]

1. e4 c5 2. Nf3 d6 3. Bb5+ Nc6 4. O-O Bd7 5. c3 e6 6. d4 b6 7. Re1 Be7 8. d5
Nb8 9. Bxd7+ Qxd7 10. dxe6 Qxe6 11. Bf4 Nf6 12. e5 dxe5 13. Rxe5 Qc8 14. Qe2
Nc6 15. Re3 O-O 16. Rxe7 Nxe7 17. Qxe7 Nd5 18. Qe4 Nxf4 19. Qxf4 Qc6 20. Na3
Rfe8 21. Ne5 Qe6 22. Nf3 Rad8 23. h3 Qd5 24. Nc2 Re4 25. Qg3 Rde8 26. Ne3
Qc6 27. Rd1 h6 28. Qd6 Qb5 29. Qd2 Qa6 30. a3 Qb7 31. Nf5 Qa6 32. Nd6 Rd8
33. Nxe4 Rxd2 34. Rxd2 Kh7 35. Ng3 Qc4 36. Ne5 Qb3 37. Kh2 f6 38. Nf3 a5 39.
Re2 b5 40. Ne4 b4 41. Nxc5 Qc4 42. Rd2 Qxc5 43. cxb4 axb4 44. axb4 Qxb4 45.
Kg3 Qb5 46. Re2 Qb4 47. Kh2 Qb8+ 48. g3 Qd6 49. Kg2 Qd5 50. Rd2 Qc6 51. Rd8
Qb7 52. Rh8+ {Black forfeits on time} 1-0

[Event "ICCopen2016"]
[Site "Internet Chess Club"]
[Date "2016.06.04"]
[Round "2"]
[White "dafresh"]
[Black "Shafkat"]
[Result "1-0"]
[ICCResult "Black resigns"]
[WhiteElo "2230"]
[BlackElo "1642"]
[Opening "Giuoco Piano"]
[ECO "C50"]
[NIC "IG.02"]
[Time "14:12:20"]
[TimeControl "180+0"]

1. e4 e5 2. Nf3 Nc6 3. Bc4 Bc5 4. O-O Nf6 5. d3 d6 6. Bg5 h6 7. Bxf6 Qxf6 8.
Nc3 Bg4 9. Nd5 Qd8 10. c3 O-O 11. b4 Bb6 12. a4 a6 13. Nxb6 cxb6 14. h3 Bh5
15. g4 Bg6 16. Ne1 Kh8 17. Ng2 Ne7 18. f4 exf4 19. Nxf4 b5 20. axb5 axb5 21.
Bb3 Rxa1 22. Qxa1 Qb6+ 23. Kg2 Qe3 24. Qe1 Qxe1 25. Rxe1 Nc6 26. d4 b6 27.
Nxg6+ fxg6 28. Ra1 h5 29. Ra6 hxg4 30. hxg4 Rb8 31. Kf3 g5 32. Ke3 g6 33. e5
dxe5 34. d5 Nd8 35. Ra7 Nb7 36. Ke4 Nd6+ 37. Kxe5 Nc4+ 38. Bxc4 bxc4 39. d6
Rd8 40. Ke6 b5 41. d7 Kg7 42. Ke7 Rf8 43. d8=Q Rxd8 44. Kxd8+ Kf8 45. Rb7
{Black resigns}
1-0

[Event "ICCopen2016"]
[Site "Internet Chess Club"]
[Date "2016.06.04"]
[Round "2"]
[White "Giantvin"]
[Black "Xadrez47"]
[Result "0-1"]
[ICCResult "White forfeits on time"]
[WhiteElo "1786"]
[BlackElo "1461"]
[Opening "QGD Slav: exchange variation"]
[ECO "D13"]
[NIC "SL.02"]
[Time "14:12:00"]
[TimeControl "180+0"]

1. d4 Nf6 2. Nf3 d5 3. c4 c6 4. cxd5 cxd5 5. Nc3 Bg4 6. Qb3 Nbd7 7. Ne5 Nxe5
8. dxe5 Ne4 9. Qxb7 Nxc3 10. bxc3 g6 11. e4 Bd7 12. exd5 Bg7 13. e6 fxe6 14.
Bd2 O-O 15. Bc4 Rb8 16. Qa6 Rb2 17. Rd1 Rxd2 18. Rxd2 Bxc3 19. O-O Bxd2 20.
Rd1 Qa5 21. Qxa5 Bxa5 22. dxe6 Ba4 23. Rd5 Bb6 24. Rd2 Bc6 25. Kf1 Rf4 26.
Bb3 Bb5+ 27. Kg1 Re4 28. h3 Bc7 29. g3 Bc6 30. Rd1 Bb6 31. Kf1 Bb5+ 32. Kg1
Re2 33. Kg2 Bc6+ 34. Kg1 Bxf2+ 35. Kf1 Rb2 36. Rd8+ Kg7 {White forfeits on
time} 0-1

[Event "ICCopen2016"]
[Site "Internet Chess Club"]
[Date "2016.06.04"]
[Round "2"]
[White "Eraser007"]
[Black "TasteOflover"]
[Result "0-1"]
[ICCResult "White resigns"]
[WhiteElo "2175"]
[BlackElo "2860"]
[Opening "French: Two knights variation"]
[ECO "C00"]
[NIC "FR.01"]
[Time "14:13:06"]
[TimeControl "180+0"]

1. e4 e6 2. Nc3 d5 3. Nf3 Nf6 4. e5 Nfd7 5. d4 c5 6. dxc5 Nc6 7. Bf4 h6 8.
Bd3 Nxc5 9. O-O Be7 10. Re1 Bd7 11. Ne2 Qb6 12. Rb1 O-O 13. c3 Rfc8 14. b4
Nxd3 15. Qxd3 Qd8 16. Ned4 a5 17. b5 Nxd4 18. Nxd4 Rc4 19. Bd2 Rac8 20. f4
Qb6 21. Kh1 Bc5 22. Nf3 a4 23. f5 exf5 24. Qxd5 Be6 25. Qd3 Rd8 26. Qe2 Re4
27. Qd1 Bxa2 28. Rb2 Bb3 29. Rxb3 axb3 30. Qxb3 Rxe1+ 31. Bxe1 Bf2 32. Bd2
Qc5 33. c4 Rc8 34. g3 Qxc4 35. Qb1 Qe4 36. Qd1 Rd8 37. Kg2 Be3 38. Kf1 Qd3+
39. Ke1 Qxb5 40. Qc2 Bxd2+ 41. Nxd2 Qxe5+ 42. Kf2 Qd4+ 43. Ke2 Qxd2+ 44.
Qxd2 Rxd2+ {White resigns} 0-1

[Event "ICCopen2016"]
[Site "Internet Chess Club"]
[Date "2016.06.04"]
[Round "2"]
[White "florish"]
[Black "KidRattler"]
[Result "1-0"]
[ICCResult "Black checkmated"]
[WhiteElo "1881"]
[BlackElo "1539"]
[Opening "Queen's pawn: Torre attack"]
[ECO "A46"]
[NIC "QP.04"]
[Time "14:13:00"]
[TimeControl "180+0"]

1. d4 Nf6 2. Nf3 e6 3. Bg5 d5 4. Nbd2 c5 5. e3 Nc6 6. c3 cxd4 7. exd4 Be7 8.
Bd3 Bd7 9. O-O Qb6 10. Qb3 O-O-O 11. Qc2 h6 12. Bf4 g5 13. Be5 Rhg8 14. b4
Nxe5 15. Nxe5 Bd6 16. Nxf7 Rdf8 17. Nxd6+ Qxd6 18. c4 dxc4 19. Nxc4 Qc7 20.
Rac1 Kb8 21. Qb2 Ng4 22. Ne5 Nxe5 23. Rxc7 Nxd3 24. Qc3 Bc6 25. Rxc6 bxc6
26. Qxd3 Kb7 27. b5 Rc8 28. bxc6+ Rxc6 29. Rb1+ Rb6 30. Rxb6+ axb6 31. g3
Rc8 32. Qe4+ Rc6 33. Kg2 Kc7 34. Qe5+ Rd6 35. a4 Kc6 36. h3 b5 37. Qxb5+ Kc7
38. Qe5 Kd7 39. Qg7+ Kc6 40. Qxh6 Rxd4 41. Qxg5 Rxa4 42. Qe5 Kd7 43. Qb5+
Ke7 44. Qxa4 e5 45. Qe4 Kf6 46. h4 Kg7 47. Qxe5+ Kh7 48. Qg5 Kh8 49. f4 Kh7
50. f5 Kh8 51. f6 Kh7 52. Qg7# {Black checkmated} 1-0

[Event "ICCopen2016"]
[Site "Internet Chess Club"]
[Date "2016.06.04"]
[Round "2"]
[White "WhiteMoon"]
[Black "jefferyx"]
[Result "0-1"]
[ICCResult "White forfeits on time"]
[WhiteElo "2049"]
[BlackElo "2701"]
[Opening "Polish defense"]
[ECO "A40"]
[NIC "QO.17"]
[Time "14:12:10"]
[TimeControl "180+0"]

1. d4 b5 2. Nf3 Bb7 3. g3 Bxf3 4. exf3 a6 5. f4 d5 6. Bg2 e6 7. O-O Nf6 8.
Nd2 Be7 9. Nf3 O-O 10. a4 b4 11. Ne5 c5 12. c4 bxc3 13. bxc3 Nfd7 14. c4 Nf6
15. Ba3 Nbd7 16. Nc6 Qe8 17. Nxe7+ Qxe7 18. cxd5 exd5 19. Rc1 Rfc8 20. dxc5
Rab8 21. c6 Qxa3 22. cxd7 Nxd7 23. Rxc8+ Rxc8 24. Bxd5 Nc5 25. Qg4 Rf8 26.
f5 Qc3 27. Rd1 h6 28. h4 Rb8 29. Qf4 Qb4 30. Rd4 Qb1+ 31. Kg2 Rf8 32. f6 Qb6
33. fxg7 Kxg7 34. Qe5+ Kh7 35. Rg4 Rg8 36. Rxg8 Ne6 37. Bxe6 Kxg8 38. Bd5
Qd8 39. h5 a5 40. f4 Qc8 41. Kh2 Qc2+ 42. Kh3 Qc8+ 43. Kh4 Qd8+ 44. Kh3 Qc8+
45. g4 Qd7 46. Kh4 Qd8+ 47. g5 hxg5+ 48. fxg5 Qc8 49. h6 Qf8 50. Kh5 Kh7 51.
g6+ fxg6+ 52. Kg5 Qxh6+ {White forfeits on time} 0-1

[Event "ICCopen2016"]
[Site "Internet Chess Club"]
[Date "2016.06.04"]
[Round "2"]
[White "TRADE"]
[Black "CristianS"]
[Result "1-0"]
[ICCResult "Black checkmated"]
[WhiteElo "2708"]
[BlackElo "2079"]
[Opening "Ruy Lopez: open, Bernstein variation"]
[ECO "C80"]
[NIC "RL.27"]
[Time "14:12:29"]
[TimeControl "180+0"]

1. e4 e5 2. Nf3 Nc6 3. Bb5 a6 4. Ba4 Nf6 5. O-O Nxe4 6. d4 b5 7. Bb3 d5 8.
dxe5 Be6 9. Nbd2 Nc5 10. c3 d4 11. Bxe6 Nxe6 12. cxd4 Ncxd4 13. a4 Be7 14.
axb5 axb5 15. Rxa8 Qxa8 16. Nxd4 Nxd4 17. Qg4 Ne6 18. f4 Qd5 19. f5 Qd4+ 20.
Qxd4 Nxd4 21. Ne4 O-O 22. Be3 Rd8 23. g4 Nc2 24. Ba7 Ra8 25. Bc5 Bxc5+ 26.
Nxc5 Ne3 27. Rf4 Ra1+ 28. Kf2 Nd1+ 29. Kg3 Nxb2 30. Rd4 h5 31. g5 Rd1 32.
Rb4 Nd3 33. Rxb5 Nxe5 34. Rb8+ Kh7 35. Re8 Nd3 36. Ne4 Re1 37. h4 Re3+ 38.
Kh2 c5 39. g6+ fxg6 40. Ng5+ Kh6 41. Rh8# {Black checkmated} 1-0